 Dungeon Crawl Stone Soup version 0.30-a0-883-g5ad918d77d (webtiles) character file.

Game seed: 13601070378907222670

96 Pimp the Chiller (level 4, -4/32 HPs)
             Began as a Demonspawn Wanderer on Mar 16, 2023.
             Slain by a gnoll
             ... wielding a +0 flail
              (8 damage)
             ... on level 3 of the Dungeon.
             The game lasted 00:06:00 (2497 turns).

Pimp the Chiller (Demonspawn Wanderer)              Turns: 2497, Time: 00:06:01

Health: -4/32      AC:  6    Str: 10    XL:     4   Next: 41%
Magic:  6/7        EV: 10    Int: 18    God:
Gold:   148        SH:  0    Dex: 12    Spells: 3/7 levels left

rFire   . . .      SeeInvis +    l - +0 broad axe
rCold   . . .      Faith    .    (no shield)
rNeg    . . .      Spirit   .    n - +0 ring mail
rPois   .          Reflect  .    d - +0 helmet
rElec   .          Rampage  .    (no cloak)
rCorr   .                        (no gloves)
Will    .....                    (no boots)
Stlth   +                        (no amulet)
HPRegen 0.25/turn                e - ring of see invisible
MPRegen 0.10/turn                (no ring)

@: no status effects
A: foul stench 1, weakness stinger 1, demonic touch 1
a: no special abilities


You were on level 3 of the Dungeon.
You visited 1 branch of the dungeon, and saw 3 of its levels.

You collected 148 gold pieces.

Inventory:

Hand Weapons
 a - a +0 dagger
 l - a +0 broad axe (weapon)
Armour
 c - a +0 robe
 d - a +0 helmet (worn)
 n - a +0 ring mail (worn)
Jewellery
 e - a ring of see invisible (left hand)
 g - a ring of willpower
Wands
 b - a wand of flame (11)
Scrolls
 h - a scroll of identify
 i - a scroll of amnesia
 m - a scroll of teleportation


   Skills:
 + Level 1.0 Fighting
 - Level 1.0 Short Blades
 * Level 0.7 Axes
 + Level 1.0 Armour
 + Level 2.2 Dodging
 + Level 2.3 Spellcasting
 + Level 2.2 Translocations
 + Level 3.0 Ice Magic
 + Level 1.4 Evocations


You had 3 spell levels left.
You knew the following spells:

 Your Spells              Type           Power      Damage    Failure   Level
a - Freeze                Ice            52%        1d6       13%         1
b - Hailstorm             Conj/Ice       7%         3d4       56%         3

Your spell library contained the following spells:

 Spells                   Type           Power      Damage    Failure   Level
 Blink                    Tloc           20%        N/A       26%         2
 Momentum Strike          Conj/Tloc      12%        3d8       38%         2
 Ice Form                 Ice/Tmut       7%         N/A       93%         4


Dungeon Overview and Level Annotations

Branches:
Dungeon (3/15)

Altars:


Innate Abilities, Weirdness & Mutations

You may rarely emit foul miasma when damaged in melee.
You have a small tail.
Your touch may inflict minor irresistible damage on your foes.


Message History

You kill the gnoll!
Things that are here:
a +0 spear; a gnoll corpse You see here a +0 club.
The gnoll shouts!
Things that are here:
a +0 short sword; an orc corpse
Things that are here:
a +0 short sword; an orc corpse You see here a +0 club.
Things that are here:
a +0 spear; a gnoll corpse
Things that are here:
a +0 whip; an orc corpse The gnoll hits you with a +0 flail.
Things that are here:
a +0 spear; a gnoll corpse You hit the gnoll but do no damage.
Your touch misses the gnoll. The gnoll hits you with a +0 flail.
You hit the gnoll but do no damage. The gnoll barely misses you.
The gnoll hits you with a +0 flail!
* * * LOW HITPOINT WARNING * * *
You barely miss the gnoll. The gnoll completely misses you.
You hit the gnoll.
The gnoll is lightly wounded.
The gnoll hits you with a +0 flail.
* * * LOW HITPOINT WARNING * * *
The gnoll misses you.
You completely miss the gnoll.
The gnoll is lightly wounded.
The gnoll misses you.
Casting: Freeze (safe; 13% risk of failure)
Confirm with . or Enter, or press ? or * to list all spells.
Aiming: Freeze (safe; 13% risk of failure)
Press: ? - help, Shift-Dir - straight line, f - gnoll
Aim: a gnoll, wielding a +0 flail (lightly wounded)
You freeze the gnoll.
The gnoll is moderately wounded.
The gnoll hits you with a +0 flail!
You die...

##........#.#.#.#.#.#.# #
#.........#.#.#.#.#.#.# #
..........#.#.#.#.#.#.###########
#.........#.#.#.#.#.#............
..........#.#.#.#.#.#############
#.........#.#.#.#.........#......
#.........#.#.#.###...###.#.#####
#.........#.#.#.###รท..# #.#.#
#......)..#.#.#g@)....# #.#.#
#.........#.#.))####..# #.#.#
#.............#.# #...# #.#>#
#.........#.#.#.# #..## #.#.#
#........##.#.#.###..####.#.#
###.##......#.#...........#.#
###.##.#.##.#.#############.#
....##.#.##.#...............#
######.#.##.#################


You could see a gnoll.

Vanquished Creatures
  An adder (D:2)
  3 gnolls (D:3)
  3 worms
  A dart slug (D:3)
  2 orcs (D:3)
  4 ball pythons
  5 endoplasms
  2 giant cockroaches (D:1)
  7 goblins
  3 hobgoblins (D:2)
  A quokka (D:3)
  3 bats
  3 frilled lizards
  4 kobolds
  2 rats (D:1)
44 creatures vanquished.

Notes
Turn   | Place    | Note
-------+----------+-------------------------------------------
     0 | D:1      | Pimp the Demonspawn Wanderer began the quest for the Orb.
     0 | D:1      | Pimp set off with the following items: a +0 dagger, a
                  | scroll of teleportation, a +0 robe, a +0 helmet; and the
                  | following spell memorised: Freeze; and the following spells
                  | available to memorise: Blink, Momentum Strike, Hailstorm,
                  | Ice Form.
     0 | D:1      | Reached XP level 1. HP: 13/13 MP: 3/3
    92 | D:1      | Discovered your monstrous ancestry.
    92 | D:1      | Gained mutation: Your touch may inflict minor irresistible
                  | damage on your foes. [demonic ancestry]
    92 | D:1      | Reached XP level 2. HP: 16/19 MP: 0/5
   638 | D:2      | Gained mutation: You have a small tail. [demonic ancestry]
   638 | D:2      | Reached XP level 3. HP: 25/25 MP: 6/6
   643 | D:2      | Learned a level 3 spell: Hailstorm
   762 | D:2      | Identified the +1 ring mail "Bazi" {-Cast rF+ rN++ Str+3}
   984 | D:2      | Reached skill level 1 in Short Blades
  1022 | D:2      | Found a faded altar of an unknown god.
  2395 | D:3      | Reached skill level 1 in Fighting
  2395 | D:3      | Reached skill level 3 in Ice Magic
  2395 | D:3      | Gained mutation: You may rarely emit foul miasma when
                  | damaged in melee. [demonic ancestry]
  2395 | D:3      | Reached XP level 4. HP: 9/32 MP: 7/7
  2399 | D:3      | Reached skill level 1 in Armour
  2497 | D:3      | Slain by a gnoll

Illustrated notes

Levels and vault maps discovered:
D:1:      tarquinn_simple_flora_water_d, layout_rooms
D:2:      layout_loops_ring, hellmonk_ecumenical_altar_pennies_from_heaven,
          chequers_serial_rivers_room_b
D:3:      layout_basic, grunt_decor_fettered, minmay_circle_x

Skill      XL: |  1  2  3  4 |
---------------+-------------+-----
Translocations | 2 |  2.2
Dodging        | 2 |  2.2
Short Blades   | 1 |  1.0
Fighting       | 1 |  1.0
Ice Magic      | 3 |  3.0
Armour         | 1 |  1.0
Axes           | |  0.7
Spellcasting   | |  2.3
Evocations     | |  1.4

Action                     |  1- 3 |  4- 6 || total
---------------------------+-------+-------++-------
  Melee: Dagger            |    64 |       ||    64
         Touch             |    10 |     1 ||    11
         Broad axe         |    19 |    16 ||    35
         Tailslap          |     5 |     2 ||     7
   Cast: Freeze            |    26 |     1 ||    27
    Use: Scroll            |     8 |       ||     8
         Potion            |     3 |     2 ||     5
   Stab: Sleeping          |     2 |       ||     2
 Armour: Robe              |    17 |       ||    17
         Ring mail         |     4 |     9 ||    13
  Dodge: Dodged            |    60 |    11 ||    71

Table legend: (Time is in decaauts)
 A = Elapsed time spent in this place.
 B = Non-inter-level travel time spent in this place.
 C = Inter-level travel time spent in this place.
 D = Time resting spent in this place.
 E = Time spent auto-exploring this place.
 F = Levels seen in this place.
 G = Mean time per level.
                   A        B        C        D        E       F      G
               +--------+--------+--------+--------+--------+-----+--------+
         Total |   2519 |   2355 |    164 |    135 |   1756 |   3 |  839.7 |
       Dungeon |   2519 |   2355 |    164 |    135 |   1756 |   3 |  839.7 |
               +--------+--------+--------+--------+--------+-----+--------+

Top non-repeatable levels by time:
     D:3: 1142 daAuts
     D:2: 830 daAuts
     D:1: 546 daAuts
